 Dungeon Crawl Stone Soup version 0.23-a0-558-g30802b1 (webtiles) character file.

32 zishaf the Sneak (level 3, 0/22 HPs)
             Began as a Kobold Assassin on Dec 11, 2018.
             Slain by an adder (4 damage)
             ... on level 2 of the Dungeon.
             The game lasted 00:01:32 (688 turns).

zishaf the Sneak (Kobold Assassin)                   Turns: 688, Time: 00:01:33

Health: 0/22       AC:  3    Str:  9    XL:     3   Next: 45%
Magic:  3/3        EV: 15    Int: 12    God:
Gold:   25         SH:  0    Dex: 16    Spells: 2/2 levels left

rFire    . . .     SeeInvis .   a - +2 dagger
rCold    . . .     Gourm    .   (shield restricted)
rNeg     . . .     Faith    .   c - +0 robe
rPois    .         Spirit   .   (no helmet)
rElec    .         Reflect  .   d - +0 cloak
rCorr    .         Harm     .   (no gloves)
MR       .....                  (no boots)
Stlth    +++.......             (no amulet)
HPRegen  0.07/turn              (no ring)
MPRegen  0.08/turn              (no ring)

@: lethally poisoned (0 -> -5)
A: small, carnivore
a: no special abilities


You were on level 2 of the Dungeon.
You were completely stuffed.

You visited 1 branch of the dungeon, and saw 2 of its levels.

You collected 25 gold pieces.

Inventory:

Hand Weapons
 a - a +2 dagger (weapon)
 b - a +0 blowgun
Missiles
 e - 8 poisoned needles
 f - 2 curare-tipped needles
Armour
 c - a +0 robe (worn)
 d - a +0 cloak (worn)
Scrolls
 h - a scroll of identify {unknown}
 l - 2 scrolls of fear {unknown}
 m - a scroll of remove curse {unknown}
Potions
 j - a potion of degeneration {unknown}
 k - a potion of curing {unknown}
 n - a potion of flight {unknown}
Comestibles
 g - 2 rations
 i - 5 chunks of flesh


   Skills:
 + Level 2.6 Fighting
 + Level 3.2 Short Blades
 + Level 2.6 Throwing
 + Level 2.0 Dodging
 + Level 5.6 Stealth


You had 2 spell levels left.
You didn't know any spells.
Your spell library was empty.

Dungeon Overview and Level Annotations

Branches:
Dungeon (2/15)

Altars:


Innate Abilities, Weirdness & Mutations

You are small and have problems with some larger weapons.
You are carnivorous and can eat meat at any time.


Message History

You are poisoned.
The adder poisons you!
You hit the adder.
The adder is moderately wounded.
You feel sick. The adder misses you.
You hit the adder.
The adder is heavily wounded.
The adder bites you.
You are too injured to fight recklessly!
You are too injured to fight recklessly!
You are too injured to fight recklessly!
You are too injured to fight recklessly!
You closely miss the adder.
The adder is heavily wounded.
You feel sick. The adder bites you.
* * * LOW HITPOINT WARNING * * *
You barely miss the adder.
The adder is heavily wounded.
The adder bites you.
You die...

..... ...## #. ....... #.
....... # #.####.......
#.#.......# #.# .# ..
#.#.......# #S#######.#
..# .........#.#@........#
..####.......#.#..........
.......<.....#.#........#
..##[#.......#..........#
..##.#.......#..........##
.............#............
...#.#.#######....########
...#.#.# #....# #..#.#.#
#....#


You could see an adder.

Vanquished Creatures
  2 dart slugs
  A leopard gecko (D:1)
  A ball python (D:1)
  3 giant cockroaches
  2 goblins (D:1)
  3 hobgoblins
  4 jackals (D:1)
  5 bats (D:1)
  A frilled lizard (D:1)
  2 kobolds (D:1)
24 creatures vanquished.

Notes
Turn   | Place    | Note
-------+----------+-------------------------------------------
     0 | D:1      | zishaf the Kobold Assassin began the quest for the Orb.
     0 | D:1      | Reached XP level 1. HP: 12/12 MP: 1/1
    75 | D:1      | Reached XP level 2. HP: 8/18 MP: 2/2
   410 | D:1      | Reached XP level 3. HP: 17/22 MP: 3/3
   688 | D:2      | Slain by an adder

Vault maps used:
D:1:      minmay_arrival_four_circles, hangedman_decor_growths
D:2:      first_ration, uniq_terence

Skill      XL: |  1  2  3 |
---------------+----------+-----
Short Blades   | 3 |  3.2
Dodging        | 2 |  2.0
Fighting       | |  2.6
Throwing       | |  2.6
Stealth        | |  5.6

Action                   || total
-------------------------++-------
Melee: Dagger            ||    93
 Stab: Sleeping          ||     5
  Eat: Chunk             ||     8
Armor: Robe              ||    28
Dodge: Dodged            ||    58

Table legend:
 A = Non-vault XP
 B = Vault XP
 C = Vault XP percentage of total XP
 D = Non-vault monster count
 E = Vault monster count
 F = Vault count percentage of total count
                 A         B        C        D         E       F
            +---------+---------+-------+---------+---------+-------
      Total |      47 |       0 |   0.0 |      24 |       0 |   0.0
            +---------+---------+-------+---------+---------+-------
        D:1 |      39 |       0 |   0.0 |      21 |       0 |   0.0
        D:2 |       8 |       0 |   0.0 |       3 |       0 |   0.0
            +---------+---------+-------+---------+---------+-------
